 Dungeon Crawl Stone Soup version 0.31-a0-1147-g46bab52692 (webtiles) character file.

Game seed: 1865827320983422104

167233 James the Brawler (level 17, -9/136 HPs)
             Began as a Merfolk Shapeshifter on Dec 7, 2023.
             Was a Believer of Uskayaw.
             Mangled by a golden dragon simulacrum (17 damage)
             ... in an ice cave.
             The game lasted 01:48:30 (27628 turns).

James the Brawler (Merfolk Shapeshifter)           Turns: 27628, Time: 01:48:31

Health: -9/136     AC: 22    Str: 21    XL:     17   Next: 92%
Magic:  24/26      EV: 15    Int: 11    God:    Uskayaw [**....]
Gold:   2751       SH:  0    Dex: 15    Spells: 16/16 levels left

rFire   . .          .
                       - Unarmed
rCold   + + .        (shield currently unavailable)
rNeg    . . .        y - +4 chain mail {rC+}
rPois   .            l - +2 hat {Will+}
rElec   .            (no cloak)
rCorr   .            (gloves currently unavailable)
SInv    .            z - +0 pair of boots of Lugonu's Pride {Will++ Str+2}
Will    ++++.        e - amulet of regeneration Stlth
                     Y - +4 ring of protection
HPRegen 1.22/turn    o - ring of protection from cold
MPRegen 0.20/turn

%: no passive effects
@: blade hands, studying 2 skills
A: (nimble swimmer 2), mertail
a: Begin Untransformation, Renounce Religion, Stomp, Line Pass


You were in an ice cave.
You worshipped Uskayaw.
Uskayaw was pleased with you.
You had blades for hands.
You visited 5 branches of the dungeon, and saw 26 of its levels.
You also visited: Ice Cave.

You collected 2898 gold pieces.
You spent 147 gold pieces at shops.

Inventory:

Hand Weapons
 m - the +2 trident of Outrage {drain, *Rage Fly rPois rC+}
   (You found it on level 5 of the Lair of Beasts)

   rC+:       It protects you from cold.
   rPois:     It protects you from poison Fly: It grants you flight.
   *Rage:     It berserks you when you make melee attacks (+20% chance).
 A - the +5 scythe "Finisher" {speed, execute}
   (You took it off a skeletal warrior on level 10 of the Dungeon)
 F - the +1 scimitar of Excruciating Pain {drain, rF+ Will+ SInv}
   (You found it on level 5 of the Lair of Beasts)

   rF+:       It protects you from fire.
   Will+:     It increases your willpower.
   SInv:      It lets you see invisible.
Missiles
 h - 70 poisoned darts
 B - 7 boomerangs
 C - 2 curare-tipped darts {!f}
 J - 2 atropa-tipped darts (quivered)
 R - 4 javelins
 W - a throwing net {!f}
Armour
 l - a +2 hat of willpower (worn)
   (You took it off Gastronok on level 3 of the Lair of Beasts)
 y - a +4 chain mail of cold resistance (worn)
   (You took it off Donald on level 2 of the Swamp)
 z - the +0 pair of boots of Lugonu's Pride (worn) {Will++ Str+2}
   (You found it on level 3 of the Dungeon)

   Str+2:     It affects your strength (+2).
   Will++:    It greatly increases your willpower.
 S - +1 swamp dragon scales
   (You found it on level 2 of the Lair of Beasts)
Magical Staves
 p - a staff of cold
   (You found it on level 2 of the Dungeon)
 I - a staff of air
   (You found it on level 10 of the Dungeon)
Jewellery
 e - an amulet of regeneration (around neck)
   (You found it on level 4 of the Dungeon)
 i - a ring of protection from fire
   (You took it off a deep elf pyromancer on level 13 of the Dungeon)
 o - a ring of protection from cold (right blade hand)
   (You found it in an ice cave)
 L - a +6 ring of strength
   (You found it on level 6 of the Dungeon)
 Y - a +4 ring of protection (left blade hand)
   (You took it off a centaur warrior on level 10 of the Dungeon)
Talismans
 d - a flux talisman
 t - a blade talisman (active)
   (You found it on level 14 of the Dungeon)
 V - a storm talisman
   (You found it on level 4 of the Lair of Beasts)
Wands
 f - a wand of roots (34)
   (You found it on level 7 of the Dungeon)
 n - a wand of charming (6)
   (You found it on level 7 of the Dungeon)
 r - a wand of polymorph (21)
   (You found it on level 7 of the Dungeon)
 v - a wand of digging (10)
   (You found it on level 5 of the Lair of Beasts)
Scrolls
 a - 11 scrolls of teleportation {@r4}
 b - 3 scrolls of enchant weapon
 c - a scroll of blinking
 k - 2 scrolls of summoning
 s - 4 scrolls of revelation
 E - 6 scrolls of identify {@r1}
 H - 5 scrolls of fog
 O - 4 scrolls of fear
 X - a scroll of enchant armour
Potions
 j - 4 potions of might
 q - 3 potions of enlightenment
 u - 10 potions of curing {@q1}
 x - 4 potions of magic
 D - a potion of haste {@q3}
 M - 5 potions of cancellation
 P - a potion of invisibility
 Q - a potion of lignification {!q}
 U - 2 potions of mutation {!q}
Miscellaneous
 g - a phantom mirror (inert)
   (You found it on level 12 of the Dungeon)


   Skills:
 - Level 13.0 Fighting
 + Level 7.6 Armour
 - Level 15.0 Dodging
 - Level 19.0 Unarmed Combat
 - Level 13.0 Invocations
 - Level 19.0 Shapeshifting


You had 16 spell levels left.
You didn't know any spells.
Your spell library contained the following spells:

 Spells                   Type           Power      Damage    Failure   Level
 Apportation              Tloc           0%         N/A       90%         1
 Kiss of Death            Conj/Necr      0%         2d5       90%         1
 Necrotise                Necr           0%         1d4       90%         1
 Shock                    Conj/Air       0%         1d3       90%         1
 Slow                     Hex            0%         N/A       90%         1
 Cigotuvi's Dreadful Rot  Necr/Pois/Air  0%         N/A       97%         2
 Jinxbite                 Hex            0%         N/A       97%         2
 Searing Ray              Conj           0%         2d4       97%         2
 Wereblood                Tmut           0%         N/A       97%         2
 Confusing Touch          Hex            0%         N/A       99%         3
 Inner Flame              Hex/Fire       0%         N/A       99%         3
 Sigil of Binding         Hex            0%         N/A       99%         3
 Summon Guardian Golem    Hex/Summ       0%         N/A       99%         3
 Swiftness                Air            0%         N/A       99%         3
 Tukima's Dance           Hex            0%         N/A       99%         3
 Vampiric Draining        Necr           0%         2d6       99%         3
 Airstrike                Air            0%         2d(0-16)  100%        4
 Dispel Undead            Necr           0%         3d6       100%        4
 Flame Wave               Conj/Fire      0%         2d4       100%        4
 Olgreb's Toxic Radiance  Pois           0%         N/A       100%        4
 Passage of Golubria      Tloc           0%         N/A       100%        4
 Sticky Flame             Conj/Fire      0%         2d3       100%        4
 Agony                    Necr           0%         N/A       100%        5
 Alistair's Intoxication  Tmut/Pois      0%         N/A       100%        5
 Fireball                 Conj/Fire      0%         3d3       100%        5
 Irradiate                Conj/Tmut      0%         3d11      100%        5
 Yara's Violent Unravell  Hex/Tmut       0%         3d3       100%        5
 Death Channel            Necr           0%         N/A       100%        6
 Orb of Destruction       Conj           0%         9d5       100%        7
 Spellforged Servitor     Conj/Summ      0%         N/A       100%        7
 Discord                  Hex            0%         N/A       100%        8
 Ignition                 Fire           0%         3d3       100%        8


Dungeon Overview and Level Annotations

Branches:
Dungeon (15/15)            Temple (1/1) D:6            Lair (5/5) D:9
  Swamp (3/4) Lair:2        Snake (0/4) Lair:2        Slime (0/5) Lair:4
    Orc (2/2) D:9             Elf (0/3) Orc:2        Vaults (0/5) D:13
 Depths (0/4) D:15          IceCv (1/1)

Altars:
Ashenzari
Cheibriados
Dithmenos
Elyvilon
Fedhas
Gozag
Hepliaklqana
Kikubaaqudgha
Makhleb
Nemelex Xobeh
Okawaru
Qazlal
Ru
Sif Muna
Trog
Uskayaw
Vehumet
Wu Jian
Xom
Yredelemnul
Zin
The Shining One
Jiyva

Shops:
D:14 !   Orc:1 **   Orc:2 [:(*

Annotations:
Lair:2 2 transporters, Vaxijaet's ghost, journeyman TrSh
Swamp:1 3 runed translucent doors, Cahekav's ghost, journeyman DrIE; Peot's ghost, adept MiFi IceCv 1 transporter


Innate Abilities, Weirdness & Mutations

You have blades for hands.
You are incapable of wielding weapons or throwing items.
((You are very nimble when in or above water. (Stealth+, EV+, Speed+++)))
Your lower body shifts to a powerful aquatic tail in water.


Message History

The purple very ugly thing trunk-slaps you.
* * * LOW HITPOINT WARNING * * *
The dire elephant simulacrum misses you.
The dire elephant simulacrum closely misses you.
You slice the alligator simulacrum!!
The lindwurm simulacrum bites you but does no damage.
The lindwurm simulacrum claws you.
* * * LOW HITPOINT WARNING * * *
The lindwurm simulacrum freezes you. You resist.
* * * LOW HITPOINT WARNING * * *
The lindwurm simulacrum claws you but does no damage.
You can now pass through a line of other dancers.
You shred the lindwurm simulacrum!!!
The purple very ugly thing trunk-slaps you!!
* * * LOW HITPOINT WARNING * * *
The seven-headed hydra simulacrum barely misses you.
The seven-headed hydra simulacrum bites you.
* * * LOW HITPOINT WARNING * * *
The seven-headed hydra simulacrum freezes you.
You resist.
* * * LOW HITPOINT WARNING * * *
The seven-headed hydra simulacrum completely misses you.
The seven-headed hydra simulacrum bites you but does no damage.
The seven-headed hydra simulacrum barely misses you.
The seven-headed hydra simulacrum bites you but does no damage. x2
The dire elephant simulacrum misses you.
The dire elephant simulacrum trunk-slaps you but does no damage.
You slice the lindwurm simulacrum!!
The golden dragon simulacrum closely misses you. x2
The golden dragon simulacrum tramples you.
* * * LOW HITPOINT WARNING * * *
You hold your ground!
The purple very ugly thing closely misses you.
The seven-headed hydra simulacrum bites you but does no damage. x2
The seven-headed hydra simulacrum bites you!
* * * LOW HITPOINT WARNING * * *
The seven-headed hydra simulacrum freezes you!
You resist.
* * * LOW HITPOINT WARNING * * *
The seven-headed hydra simulacrum completely misses you.
The seven-headed hydra simulacrum closely misses you. x2
The seven-headed hydra simulacrum bites you but does no damage.
You feel much better.
The dire elephant simulacrum misses you.
The dire elephant simulacrum barely misses you.
The golden dragon simulacrum bites you!!
* * * LOW HITPOINT WARNING * * *
The golden dragon simulacrum freezes you!
You resist.
You die...

#.ZZ......#
#...........#
#...........#
##...........##
#.............#
#....8...8....#
#......$......#
#....○ZZ....#
#...}°@Z?...#
##...8u8...##
###########
##8..©..8##
##8.......8##
##8.........8##
#......[(.....#
#∩...(..)?...©#
###############


You could see a purple very ugly thing, a seven-headed hydra simulacrum, a dire
elephant simulacrum and a golden dragon simulacrum.

Vanquished Creatures
  Gastronok (Lair:3)
  Kirke (Lair:3)
  A thorn hunter (Swamp:2)
  Donald (Swamp:2)
  A fenstrider witch (Swamp:3)
  The ghost of nitefall the Warrior, a journeyman MiBe of Trog (Orc:2)
  An iron dragon (D:13)
  A very ugly thing (IceCv)
  A stone giant (D:15)
  2 eleionomae
  2 bunyips
  The ghost of GordonOverkill the Transmogrifier, a journeyman SpDe of Gozag (D:12)
  A caustic shrike simulacrum (IceCv)
  4 vault guards (D:13)
  A ghost crab (Swamp:3)
  10 hydras
  An ogre mage (D:10)
  3 boulder beetles
  3 catoblepae
  9 centaur warriors
  3 alligators (Swamp:2)
  9 two-headed ogres
  28 death yaks
  5 tengu warriors
  A deep troll shaman (Lair:5)
  An occultist (D:15)
  4 orc high priests
  4 skeletal warriors
  A deep troll (Lair:4)
  A spriggan druid (Swamp:2)
  2 goliath frogs (Swamp:2)
  5 swamp dragons
  3 bog bodies
  An orange crystal statue (IceCv)
  6 deep elf pyromancers
  4 orc sorcerers (Orc:2)
  8 cyclopes
  4 will-o-the-wisps
  4 ugly things
  2 manticores
  14 elephants
  7 black mambas
  17 cane toads
  A torpor snail (Lair:2)
  A gargoyle (D:13)
  2 rime drakes
  2 unseen horrors
  Maggie (D:7)
  3 burning bushes (Lair:3)
  2 freezing wraiths (IceCv)
  10 komodo dragons
  2 polar bears
  3 meliai (D:13)
  An alligator simulacrum (IceCv)
  10 trolls
  2 bloated husks
  6 tyrant leeches
  Prince Ribbit (D:7)
  Grinder (D:3)
  A hornet (D:10)
  19 blink frogs
  6 dream sheep (Lair:5)
  22 slime creatures
  A shadow (D:10)
  A dire elephant simulacrum (IceCv)
  3 wraiths
  3 hogs (Lair:3)
  3 wyverns
  73 yaks
  7 basilisks
  2 steam dragons
  19 vampire mosquitoes
  Menkaure (D:7)
  4 swamp worms
  2 wargs (Orc:1)
  2 nagas (Lair:2)
  3 acid dragons
  8 water moccasins
  A swamp drake (Swamp:2)
  A black bear (shapeshifter) (D:13)
  3 black bears
  22 orc warriors
  4 ogres
  22 wolves
  14 centaurs
  2 phantoms (D:9)
  6 kobold brigands
  5 scorpions
  10 bullfrogs
  9 wights
  A troll zombie (D:9)
  2 lindwurm simulacra (IceCv)
  14 killer bees
  2 electric eels
  9 howler monkeys
  A hound (D:6)
  22 orc priests
  2 jellies
  Jessica (D:3)
  A warg simulacrum (Orc:2)
  3 iguanas
  29 orc wizards
  2 scorpion zombies (D:4)
  Terence (D:3)
  7 ogre zombies (D:9)
  A hound zombie (D:4)
  2 spectral orcs (Orc:2)
  7 adders
  3 gnolls
  2 ogre simulacra (Orc:2)
  A shadow imp (D:6)
  2 white imps
  A howler monkey simulacrum (D:10)
  4 orc simulacra (Orc:2)
  An adder zombie (D:4)
  5 worms
  4 dart slugs
  52 orcs
  7 endoplasms
  4 giant cockroaches
  3 gnoll zombies (D:9)
  8 goblins
  7 hobgoblins
  9 jackals
  36 kobolds
  3 quokkas
  9 ball pythons
  6 bats
  3 frilled lizards
  5 gnoll skeletons (D:9)
  5 orc skeletons (D:9)
  12 orc zombies (D:9)
  6 rats
812 creatures vanquished.

Vanquished Creatures (others)
  3 bloated husks (Swamp:1)
  4 foxfires
7 creatures vanquished.

Grand Total: 819 creatures vanquished

Notes
Turn   | Place    | Note
-------+----------+-------------------------------------------
     0 | D:1      | James the Merfolk Shapeshifter began the quest for the Orb.
     0 | D:1      | Reached XP level 1. HP: 15/15 MP: 1/1
   127 | D:1      | Reached XP level 2. HP: 16/21 MP: 2/2
   571 | D:1      | Reached XP level 3. HP: 22/27 MP: 3/3
   866 | D:1      | Reached XP level 4. HP: 25/33 MP: 4/4
  1465 | D:2      | Reached skill level 5 in Unarmed Combat
  1778 | D:3      | Found a glowing golden altar of the Shining One.
  1885 | D:3      | Noticed Grinder
  1934 | D:3      | Paralysed by Grinder for 4 turns
  1939 | D:3      | Killed Grinder
  1940 | D:3      | Reached XP level 5. HP: 5/38 MP: 5/5
  1940 | D:3      | Reached XP level 6. HP: 6/44 MP: 6/6
  2162 | D:3      | Found a shimmering blue altar of Sif Muna.
  2280 | D:3      | Noticed Jessica
  2287 | D:3      | Killed Jessica
  2393 | D:3      | Identified the +0 pair of boots of Lugonu's Pride {Will++
                  | Str+2}
  2569 | D:3      | Noticed Terence
  2577 | D:3      | Killed Terence
  2933 | D:4      | Found a basalt altar of Yredelemnul.
  2960 | D:4      | Reached XP level 7. HP: 36/50 MP: 7/7
  3661 | D:4      | Found a sacrificial altar of Ru.
  3858 | D:5      | Entered Level 5 of the Dungeon
  3858 | D:5      | Found a radiant altar of Vehumet.
  3892 | D:5      | Reached skill level 5 in Shapeshifting
  4665 | D:6      | Identified the +3 spear "Ciat Ufun" {protect, Dex+3}
  4720 | D:6      | Reached XP level 8. HP: 56/57 MP: 8/8
  4914 | D:6      | Reached skill level 5 in Dodging
  5391 | D:6      | Found a staircase to the Ecumenical Temple.
  5401 | D:6      | Reached skill level 10 in Unarmed Combat
  5401 | D:6      | Reached XP level 9. HP: 65/65 MP: 9/9
  5422 | Temple   | Entered the Ecumenical Temple
  5741 | D:7      | Noticed Menkaure
  5748 | D:7      | Killed Menkaure
  5837 | D:7      | Noticed Maggie
  5852 | D:7      | Killed Maggie
  6068 | D:7      | Found an ornate altar of the Wu Jian Council.
  6125 | D:7      | Noticed Prince Ribbit
  6140 | D:7      | Killed Prince Ribbit
  6547 | D:8      | Found a burning altar of Makhleb.
  6560 | D:8      | Found a shadowy altar of Dithmenos.
  6908 | D:8      | Reached skill level 5 in Fighting
  7006 | D:7      | Reached XP level 10. HP: 74/75 MP: 10/10
  7191 | D:8      | Killed an unseen horror
  7457 | D:9      | Noticed a death yak
  7628 | D:9      | Noticed a two-headed ogre
  7642 | D:9      | Killed a two-headed ogre
  7643 | D:9      | Reached skill level 10 in Dodging
  7710 | D:9      | Found a staircase to the Orcish Mines.
  8149 | D:9      | Found a staircase to the Lair.
  8150 | D:9      | Noticed a death yak
  8273 | D:9      | Reached XP level 11. HP: 88/90 MP: 11/11
  8385 | D:9      | Noticed a death yak
  8503 | D:9      | Killed a death yak
  8504 | D:9      | Reached skill level 10 in Fighting
  8610 | D:9      | Noticed a death yak
  8611 | D:9      | Noticed a death yak
  8611 | D:9      | Noticed a death yak
  8671 | D:9      | Killed a death yak
  8769 | D:10     | Entered Level 10 of the Dungeon
  8789 | D:10     | Found a hide-covered altar of Uskayaw.
  8796 | D:10     | Became a worshipper of Uskayaw the Reveller
  8827 | D:10     | Reached * piety under Uskayaw
  8872 | D:10     | Reached ** piety under Uskayaw
  8878 | D:10     | Reached *** piety under Uskayaw
  8884 | D:10     | Reached **** piety under Uskayaw
  8935 | D:10     | Noticed an ogre mage
  8949 | D:10     | Killed an ogre mage
  9183 | D:10     | Noticed a centaur warrior
  9191 | D:10     | Killed a centaur warrior
  9204 | D:10     | Noticed a six-headed hydra
  9321 | D:10     | Found a white marble altar of Elyvilon.
  9437 | D:10     | Found a broken altar of Ashenzari.
  9528 | D:10     | Identified the +7 flail of Okawaru's Supremacy {heavy,
                  | Dex+3}
  9528 | D:10     | Noticed a centaur warrior
  9535 | D:10     | Killed a centaur warrior
  9535 | D:10     | Noticed a red ugly thing
  9551 | D:10     | Killed a red ugly thing
  9626 | D:10     | Noticed a cyclops
  9635 | D:10     | Killed a cyclops
  9636 | D:10     | Reached skill level 15 in Unarmed Combat
  9691 | D:10     | Noticed a skeletal warrior
 10166 | D:10     | Reached XP level 12. HP: 97/97 MP: 12/12
 10561 | D:10     | Reached XP level 13. HP: 107/107 MP: 13/13
 10562 | D:10     | Reached skill level 5 in Invocations
 10562 | D:10     | Reached XP level 14. HP: 116/116 MP: 13/18
 11185 | D:10     | Found a white marble altar of Elyvilon.
 11210 | D:10     | Found a broken altar of Ashenzari.
 11305 | D:10     | Found a hide-covered altar of Uskayaw.
 12304 | D:9      | Reached ***** piety under Uskayaw
 12461 | D:9      | Found a staircase to the Orcish Mines.
 12593 | D:9      | Found a staircase to the Lair.
 13178 | Orc:1    | Entered Level 1 of the Orcish Mines
 13178 | Orc:1    | Found Jigut's Assorted Antiques.
 13190 | Orc:1    | Bought a viscous purple potion for 27 gold pieces
 13190 | Orc:1    | Bought an ivory wand for 120 gold pieces
 13640 | D:11     | Identified the +0 leather armour "Nehac" {Str+7 Int+5}
 13847 | Lair:1   | Entered Level 1 of the Lair of Beasts
 14335 | Lair:1   | Reached skill level 10 in Invocations
 14730 | Lair:2   | Found a transporter.
 14736 | Lair:2   | Noticed Vaxijaet's ghost (journeyman TrSh)
 14749 | Lair:2   | Found a transporter.
 15066 | Lair:2   | Reached XP level 15. HP: 94/123 MP: 23/23
 15067 | Lair:2   | Reached ****** piety under Uskayaw
 15472 | Lair:2   | Found a staircase to the Snake Pit.
 15548 | Lair:2   | Found a staircase to the Swamp.
 15796 | Lair:2   | Found a glowing golden altar of the Shining One.
 15979 | Lair:3   | Noticed Gastronok
 16155 | Lair:3   | Noticed Kirke
 16170 | Lair:3   | Killed Kirke
 16577 | Lair:3   | Reached skill level 15 in Dodging
 16641 | Lair:3   | Killed Gastronok
 17336 | Lair:4   | Found a staircase to the Slime Pits.
 17361 | Lair:4   | Found a viscous altar of Jiyva.
 17785 | Lair:5   | Entered Level 5 of the Lair of Beasts
 18290 | Lair:5   | Reached XP level 16. HP: 79/130 MP: 21/25
 18522 | Lair:5   | Reached skill level 10 in Shapeshifting
 18924 | Lair:5   | Identified the +2 trident of Outrage {drain, *Rage Fly
                  | rPois rC+}
 19166 | Lair:5   | Identified the +1 scimitar of Excruciating Pain {drain, rF+
                  | Will+ SInv}
 19581 | D:12     | Noticed GordonOverkill's ghost (journeyman SpDe)
 19854 | D:12     | Identified 3 scrolls of acquirement
 19854 | D:12     | Acquired a manual of Invocations
 20025 | D:12     | Found a transporter.
 20026 | D:12     | Found a transporter.
 20027 | D:12     | Identified the +1 great mace of Equilibrium {flame, Contam
                  | rElec rN+}
 20434 | Orc:2    | Entered Level 2 of the Orcish Mines
 20573 | Orc:2    | Found a runed translucent gate.
 20573 | Orc:2    | Found a runed translucent gate.
 20578 | Orc:2    | Found a runed translucent gate.
 20579 | Orc:2    | Noticed nitefall's ghost (journeyman MiBe)
 20998 | Orc:2    | Found a staircase to the Elven Halls.
 21148 | Orc:2    | Paralysed by an orc sorcerer for 2 turns
 21360 | Orc:2    | Paralysed by an orc sorcerer for 4 turns
 21531 | Orc:1    | Found Ficyd's General Store.
 21784 | Orc:2    | Found Dyf Hup's Weapon Shoppe.
 21784 | Orc:2    | Found Xeino's Assorted Antiques.
 21785 | Orc:2    | Found Xuarph's Book Emporium.
 21788 | Orc:2    | Found Nonixt's Antique Armour Emporium.
 22090 | Orc:2    | Killed nitefall's ghost
 22185 | Orc:2    | Got Daneyngamn's Thoughts on Kinetic Energy and Pollution
 22314 | D:12     | Killed GordonOverkill's ghost
 22648 | D:13     | Reached skill level 15 in Shapeshifting
 22964 | D:13     | Found a gate to the Vaults.
 23200 | D:13     | HP: 1/130 [skeletal warrior/+0 battleaxe (25)]
 23206 | D:13     | Reached XP level 17. HP: 35/136 MP: 26/26
 23420 | D:13     | Found the +10 dark maul {heavy}
 24176 | D:14     | Found a sparkling altar of Nemelex Xobeh.
 24192 | D:14     | Found Lufaavu's Distillery.
 24811 | D:15     | Entered Level 15 of the Dungeon
 25400 | D:15     | Found a staircase to the Depths.
 25745 | Swamp:1  | Entered Level 1 of the Swamp
 25903 | Swamp:1  | Found a runed translucent gate.
 25904 | Swamp:1  | Found a runed translucent gate.
 25904 | Swamp:1  | Found a runed translucent gate.
 25905 | Swamp:1  | Noticed Cahekav's ghost (journeyman DrIE)
 25906 | Swamp:1  | Noticed Peot's ghost (adept MiFi)
 26050 | Lair:2   | Acquired 535 gold pieces
 26052 | Lair:2   | Acquired a manual of Armour
 26622 | Swamp:1  | Reached skill level 1 in Armour
 27049 | Swamp:2  | Reached skill level 5 in Armour
 27173 | Swamp:2  | Noticed Donald
 27181 | Swamp:2  | Killed Donald
 27392 | Swamp:3  | Found a frozen archway.
 27498 | IceCv    | Entered an ice cave
 27510 | IceCv    | HP: 3/136 [dire elephant simulacrum (28)]
 27512 | IceCv    | Found a transporter.
 27516 | IceCv    | Found a transporter.
 27627 | IceCv    | HP: 3/136 [seven-headed hydra simulacrum (10)]
 27628 | IceCv    | Mangled by a golden dragon simulacrum

Illustrated notes

Levels and vault maps discovered:
D:1:      zaba_arrival_water, layout_basic
D:2:      layout_loops_cross, minmay_tromino_v4_b
D:3:      layout_loops_ring, nicolae_sif_muna_condensation, tso_metal_star,
          grunt_ministairs_14, uniq_terence, uniq_jessica, uniq_grinder
D:4:      layout_cave_pods, nicolae_yredelemnul_corpse_copse,
          mainiacjoe_overflow_small_starburst
D:5:      layout_rooms, vehumet_crystals, serial_aquarium,
          aquarium_bridge_long_separate [aquarium_subvault_window,
          aquarium_subvault_bridge, aquarium_subvault_wall,
          aquarium_subvault_wall, aquarium_subvault_wall,
          aquarium_subvault_bridge], aquarium_bridge_island_small
          [aquarium_subvault_small_water, aquarium_subvault_wall,
          aquarium_subvault_bridge, aquarium_subvault_bridge,
          aquarium_subvault_bridge], aquarium_window_corner,
          aquarium_window_corner, aquarium_window_fake, aquarium_view_2a,
          aquarium_view_2c, aquarium_pool_side
D:6:      layout_basic, minmay_temple_entry_overgrown
D:7:      layout_basic, mainiacjoe_overflow_paths, uniq_maggie, uniq_menkaure,
          uniq_prince_ribbit1
D:8:      layout_rooms, mainiacjoe_overflow_large_starburst
D:9:      layout_cave_pods, dpeg_lair_monsters, zombieorc2_lemuel
D:10:     minmay_the_grid_octo_tiled_octocenter [minmay_the_grid_octo_toaster,
          minmay_the_grid_octo_pinwheel, minmay_the_grid_octo_teeth,
          minmay_the_grid_octo_clover_2,
          minmay_the_grid_octo_prize_single_spiral,
          minmay_the_grid_square_5x5_longway,
          minmay_the_grid_square_5x5_spiral_small,
          minmay_the_grid_square_5x5_shuriken,
          minmay_the_grid_square_5x5_misaligned], layout_loops_corners,
          mainiacjoe_overflow_24_doors, nicolae_overflow_crystal_walls,
          nicolae_ashenzari_panopticon
D:11:     layout_basic, lemuel_nasty_fountain
D:12:     layout_gridville, gammafunk_ghost_smash, minmay_door_square
D:13:     minmay_roctagon, layout_loops_ring, lightli_vaults_fourway_checkpoint,
          minivault_26
D:14:     layout_loops_cross, nemelex_diamond_rough_becter, serial_shops, shop,
          drop_trap, minmay_misc_feat_enclosed, roderic_roman_lattice
D:15:     grunt_enter_depths_snipers, layout_long_grid, minmay_splitting_lines
Temple:   bh_familiar_temple
Lair:1:   layout_gridlike, beast_lair_carwin_2
Lair:2:   layout_regular_city, minmay_swamp_entry_worms,
          guppyfry_snake_entry_garden, basic_altar,
          gammafunk_ghost_berserking_beasts, grunt_megastairs_1
Lair:3:   layout_long_grid, evilmike_ambush [evilmike_ambush_outer_corners,
          evilmike_ambush_inner_cross], uniq_gastronok, uniq_kirke
Lair:4:   dreamdust_cave_troll, layout_long_grid, minmay_slime_entry_pillars,
          patterned_corridor
Lair:5:   grunt_lair_end_beastmaster, layout_loops_ring, serial_bayou_shore_a,
          serial_bayou_shore_b, grunt_megastairs_5
Swamp:1:  layout_basic_swamp, gammafunk_ghost_cemetery, serial_swamp_ruin,
          evilmike_swamp_ruin_house_6, evilmike_swamp_ruin_house_1,
          swamp_pool_1_2, nicolae_swamp_super_fun_site,
          infiniplex_staircase_pool_2
Swamp:2:  layout_basic_swamp, nicolae_swamp_little_tower, uniq_donald
Swamp:3:  layout_basic_swamp, portal_ice_cave_entry_pillars_2,
          nicolae_swamp_small_spring, swamp_pool_3
Orc:1:    layout_caves, serial_shops, nicolae_diamond_shop,
          nicolae_shop_just_a_little_nook
Orc:2:    st_orc_mages, layout_caves, gammafunk_ghost_necromancy
IceCv:    ice_cave_statue_garden_transporter

Skill      XL: |  1  2  3  4  5  6  7  8  9 10 11 12 13 14 15 16 17 |
---------------+----------------------------------------------------+-----
Dodging        | 3 4 6 7 10 11 12 13 15 | 15.0
Unarmed Combat | 4 7 8 10 12 15 17 19 | 19.0
Fighting       | 2 4 5 9 10 11 12 13 | 13.0
Shapeshifting  | 7 8 16 19 | 19.0
Invocations    | 5 11 13 | 13.0
Armour         | 7 |  7.6

Action                     |  1- 3 |  4- 6 |  7- 9 | 10-12 | 13-15 | 16-18 || total
---------------------------+-------+-------+-------+-------+-------+-------++-------
  Melee: Unarmed           |    79 |   138 |   269 |   405 |   616 |   867 ||  2374
         Punch             |       |     5 |    16 |    32 |   101 |   128 ||   282
         Tailslap          |       |       |       |       |       |    10 ||    10
  Throw: Dart              |    11 |    12 |    33 |    12 |     4 |       ||    72
         Stone             |     3 |       |       |       |       |       ||     3
         Boomerang         |       |       |     5 |       |       |       ||     5
 Invoke: Stomp             |       |       |       |     1 |     2 |     2 ||     5
         Line Pass         |       |       |       |       |     1 |       ||     1
         Grand Finale      |       |       |       |       |     1 |     1 ||     2
  Evoke: Phantom mirror    |       |       |       |       |       |     1 ||     1
    Use: Potion            |       |     1 |       |     2 |     3 |     5 ||    11
         Scroll            |       |     7 |     7 |     5 |     8 |     8 ||    35
   Stab: Sleeping          |     2 |       |       |       |       |       ||     2
         Paralysed         |       |       |       |     4 |    47 |    54 ||   105
         Confused          |       |       |       |       |     1 |       ||     1
 Armour: Animal skin       |    39 |       |       |       |       |       ||    39
         Leather armour    |     8 |    50 |    11 |       |       |       ||    69
         Skin              |       |     1 |       |       |       |       ||     1
         Ring mail         |       |       |    65 |    47 |   290 |   464 ||   866
         Steam dragon scal |       |       |    28 |       |       |       ||    28
         Acid dragon scale |       |       |     4 |   130 |       |       ||   134
         Swamp dragon scal |       |       |       |       |       |    90 ||    90
         Chain mail        |       |       |       |       |       |    38 ||    38
  Dodge: Dodged            |    40 |    72 |   120 |   222 |   310 |   586 ||  1350
   Form: Blade             |       |       |       |       |       |     1 ||     1

Table legend: (Time is in decaauts)
 A = Elapsed time spent in this place.
 B = Non-inter-level travel time spent in this place.
 C = Inter-level travel time spent in this place.
 D = Time resting spent in this place.
 E = Time spent auto-exploring this place.
 F = Levels seen in this place.
 G = Mean time per level.
                   A        B        C        D        E       F      G
               +--------+--------+--------+--------+--------+-----+--------+
         Total |  26768 |  24579 |   2189 |   2854 |  13872 |  27 |  991.4 |
       Dungeon |  17772 |  16193 |   1579 |   1633 |   9393 |  15 | 1184.8 |
        Temple |     57 |      1 |     56 |      0 |      0 |   1 |   57.0 |
          Lair |   5622 |   5145 |    477 |    500 |   2969 |   5 | 1124.4 |
         Swamp |   1409 |   1369 |     40 |    273 |    697 |   3 |  469.7 |
  Orcish Mines |   1804 |   1768 |     36 |    399 |    812 |   2 |  902.0 |
      Ice Cave |    103 |    103 |      0 |     49 |      0 |   1 |  103.0 |
               +--------+--------+--------+--------+--------+-----+--------+

Top non-repeatable levels by time:
    D:10: 3653 daAuts
     D:9: 2380 daAuts
  Lair:2: 1497 daAuts
  Lair:5: 1403 daAuts
    D:13: 1252 daAuts
   Orc:2: 1097 daAuts
     D:3: 1087 daAuts
     D:4: 1058 daAuts
  Lair:4: 982 daAuts
     D:6: 956 daAuts
    D:12: 939 daAuts
     D:7: 925 daAuts
     D:1: 923 daAuts
     D:8: 913 daAuts
  Lair:1: 900 daAuts
